 Dungeon Crawl Stone Soup version 0.31-a0-217-g58bb5d79cf (webtiles) character file.

Game seed: 6079025481228516133

43 qw the Shooter (level 3, 0/29 HPs)
             Began as a Minotaur Hexslinger on July 2, 2023.
             Succumbed to an adder's poison
             ... on level 2 of the Dungeon.
             The game lasted 00:00:15 (783 turns).

qw the Shooter (Minotaur Hexslinger)                 Turns: 783, Time: 00:00:16

Health: 0/29       AC:  5    Str: 12    XL:     3   Next: 37%
Magic:  3/3        EV: 11    Int: 10    God:
Gold:   60         SH:  0    Dex: 14    Spells: 3/4 levels left

rFire   . . .        Y - +1 sling (flame)
rCold   . . .        (no shield)
rNeg    . . .        k - +0 ring mail
rPois   .            (helmet restricted)
rElec   .            (no cloak)
rCorr   .            (no gloves)
SInv    .            (no boots)
Will    .....        j - amulet of faith
Stlth   +            (no ring)
HPRegen 0.24/turn    (no ring)
MPRegen 0.08/turn

%: faith
@: lethally poisoned (0 -> -1)
A: horns 2, retaliatory headbutt
a: no special abilities


You were on level 2 of the Dungeon.
You visited 1 branch of the dungeon, and saw 2 of its levels.

You collected 60 gold pieces.


Innate Abilities, Weirdness & Mutations

You have a pair of horns on your head.
You reflexively headbutt those who attack you in melee.


   Skills:
 - Level 2.1 Fighting
 + Level 3.9 Ranged Weapons
 - Level 2.1 Dodging
 - Level 1.0 Spellcasting
 - Level 2.0 Hexes


You had 3 spell levels left.
You knew the following spells:

 Your Spells              Type           Power      Damage    Failure   Level
a - Slow                  Hex            16%        N/A       34%         1

Your spell library contained the following spells:

 Spells                   Type           Power      Damage    Failure   Level
 Inner Flame              Hex/Fire       2%         N/A       83%         3
 Portal Projectile        Hex/Tloc       4%         N/A       83%         3
 Cause Fear               Hex            2%         N/A       98%         4

Inventory:

Hand Weapons
 Y - a +1 sling of flaming (weapon)
Armour
 k - a +0 ring mail (worn)
Jewellery
 j - an amulet of faith (around neck)
Potions
 f - a potion of heal wounds {unknown}
 i - a potion of attraction {unknown}

Dungeon Overview and Level Annotations

Branches:
Dungeon (2/15)

Altars:


Message History

You shoot a sling bullet. The sling bullet misses the adder.
You feel sick. The adder bites you.
You are more poisoned.
The adder poisons you! The adder closely misses you.
The adder barely misses you. You furiously retaliate!
You headbutt the adder! You shoot a sling bullet.
The sling bullet barely misses the adder.
You feel sick. The adder bites you.
You are more poisoned.
The adder poisons you! The adder bites you.
You are lethally poisoned!
The adder poisons you! The adder barely misses you. You furiously retaliate!
You headbutt the adder. You shoot a sling bullet.
The sling bullet hits the adder.
The sling bullet burns the adder.
You kill the adder!
You feel very sick.
The adder bites you but does no damage. x2
You have reached level 3!
Your experience leads to an increase in your attributes!
Increase (S)trength, (I)ntelligence, or (D)exterity?
You feel agile. x2
You shoot a sling bullet.
The sling bullet closely misses the adder.
You feel very sick. The adder bites you but does no damage.
The adder bites you.
You shoot a sling bullet. The sling bullet hits the adder.
The sling bullet burns the adder.
You kill the adder!
You feel sick.
There is a lethal amount of poison in your body!
You feel sick.
There is a lethal amount of poison in your body!
You feel sick.
There is a lethal amount of poison in your body!
You feel sick.
There is a lethal amount of poison in your body!
You feel sick.
There is a lethal amount of poison in your body!
You die...

############
#..........#
#.......)..#######
#@%##..##'##><.<..
#%######..##..##..
#.. #..8######.
#... ##.......'%
##..# ##....)..##
..+ #..8###### ..#
#..## ..# ##+#


There were no monsters in sight!

Vanquished Creatures
  3 adders
  An orc (D:2)
  2 bats
  3 endoplasms (D:2)
  A giant cockroach (D:1)
  A hobgoblin (D:1)
  A quokka (D:1)
  A frilled lizard (D:1)
  A goblin (D:2)
  2 kobolds
16 creatures vanquished.

Notes
Turn   | Place    | Note
-------+----------+-------------------------------------------
     0 | D:1      | qw the Minotaur Hexslinger began the quest for the Orb.
     0 | D:1      | Reached XP level 1. HP: 16/16 MP: 1/1
     0 | D:1      | 0 ||| qw: Version: 0.3-a-40-ge99b1a8
     0 | D:1      | 0 ||| qw: Game counter: 194
     0 | D:1      | 0 ||| qw: Melee chars always use a shield: true
     0 | D:1      | 0 ||| qw: God list: Okawaru
     0 | D:1      | 0 ||| qw: Allow faded altars: false
     0 | D:1      | 0 ||| qw: Do Orc after clearing Dungeon:15 true
     0 | D:1      | 0 ||| qw: Do second Lair branch before Depths: true
     0 | D:1      | 0 ||| qw: Lair rune preference: random
     0 | D:1      | 0 ||| qw: Goals: Normal
     0 | D:1      | 0 ||| PLANNING D:1-11
   240 | D:1      | Found a faded altar of an unknown god.
   577 | D:1      | 577 ||| UPGRADING to +0 ring mail.
   587 | D:1      | 587 ||| DROPPING +0 robe.
   588 | D:1      | 588 ||| UPGRADING to amulet of faith.
   593 | D:1      | 593 ||| DROPPING ring of magical power.
   594 | D:1      | 594 ||| READING scroll labelled IBLEUX IPHOD.
   595 | D:1      | 595 ||| READING scroll labelled UJIPECIFIS.
   596 | D:1      | 596 ||| READING scroll labelled VAEMITWIUMES.
   597 | D:1      | 597 ||| DROPPING scroll of poison.
   608 | D:2      | 608 ||| STAIRDANCE
   609 | D:2      | Reached skill level 3 in Ranged Weapons
   609 | D:2      | Reached XP level 2. HP: 13/23 MP: 2/2
   777 | D:2      | Reached XP level 3. HP: 13/29 MP: 3/3
   777 | D:2      | HP: 7/29 [adder (3)]
   779 | D:2      | HP: 3/29 [poisoned by an adder]
   782 | D:2      | HP: 1/29 [poisoned by an adder]
   783 | D:2      | Succumbed to an adder's poison

Levels and vault maps discovered:
D:1:      eino_arrival_water_star, layout_basic,
          dreamdust_ecumenical_altar_grove, hangedman_decor_push
D:2:      minmay_chambers_of_twos, layout_loops_ring, minmay_pentomino_pile

Skill      XL: |  1  2 |
---------------+-------+-----
Ranged Weapons | 3 |  3.9
Fighting       | 2 |  2.1
Dodging        | |  2.1
Spellcasting   | |  1.0
Hexes          | |  2.0

Action                     || total
---------------------------++-------
   Fire: Sling             ||    47
    Use: Scroll            ||     3
 Armour: Robe              ||     3
         Ring mail         ||     7
  Dodge: Dodged            ||    13

Table legend:
 A = Non-vault XP
 B = Vault XP
 C = Vault XP percentage of total XP
 D = Non-vault monster count
 E = Vault monster count
 F = Vault count percentage of total count
                 A         B        C        D         E       F
            +---------+---------+-------+---------+---------+-------
      Total |      40 |      22 |  35.5 |      10 |       6 |  37.5
            +---------+---------+-------+---------+---------+-------
        D:1 |      24 |       0 |   0.0 |       7 |       0 |   0.0
        D:2 |      16 |      22 |  57.9 |       3 |       6 |  66.7
            +---------+---------+-------+---------+---------+-------
